 Dungeon Crawl Stone Soup version 0.30.1-11-g7821555f0a (webtiles) character file.

Game seed: 5816148993009854654

37709 booth the Grappler (level 13, -3/131 HPs)
             Began as a Troll Monk on Dec 30, 2023.
             Was the Champion of Okawaru.
             Slain by an eight-headed hydra (7 damage)
             ... on level 4 of the Lair of Beasts on Jan 2, 2024.
             The game lasted 01:38:48 (12777 turns).

booth the Grappler (Troll Monk)                    Turns: 12777, Time: 01:38:49

Health: -3/131     AC:  7    Str: 24    XL:     13   Next: 59%
Magic:  4/4        EV: 13    Int:  8    God:    Okawaru [******]
Gold:   666        SH:  5    Dex: 16    Spells: 12/12 levels left

rFire   . . .        Y - +8 great mace of Fragile Peace {antimagic, rPois Int+2}
rCold   . . .        (shield currently unavailable)
rNeg    + . .        P - +0 troll leather armour
rPois   +            F - +1 hat {Will+}
rElec   .            (no cloak)
rCorr   .            (gloves unavailable)
SInv    .            (boots unavailable)
Will    +....        E - amulet "Dosmosij" {Reflect Dex+2 SH+5}
Stlth   ++           g - ring of positive energy
HPRegen 2.01/turn    e - +4 ring of slaying
MPRegen 0.09/turn

%: reflection
@: no status effects
A: large, unfitting armour, claws 3, regeneration 1, shaggy fur 1, tough skin 1
a: Renounce Religion, Heroism, Finesse, Duel


You were on level 4 of the Lair of Beasts.
You worshipped Okawaru.
Okawaru was exalted by your worship.
You visited 3 branches of the dungeon, and saw 15 of its levels.
You also visited: Ossuary and Bailey.

You collected 826 gold pieces.
You spent 160 gold pieces at shops.

Inventory:

Hand Weapons
 K - a +3 dire flail of draining
 Q - the +5 giant spiked club "Kohal" {holy, Will+ Str+5}
   (Okawaru gifted it to you on level 10 of the Dungeon)

   Str:       It affects your strength (+5).
   Will:      It increases your willpower.
 Y - the +8 great mace of Fragile Peace (weapon) {antimagic, rPois Int+2}
   (Okawaru gifted it to you on level 2 of the Lair of Beasts)

   Int:       It affects your intelligence (+2).
   rPois:     It protects you from poison.
Missiles
 p - 14 poisoned darts
 s - 15 boomerangs (quivered)
 u - 6 large rocks
 M - 3 javelins
 O - 2 atropa-tipped darts
 S - 2 silver javelins
 V - a throwing net
Armour
 c - an orb of light
 i - a +0 robe of resistance
 F - a +1 hat of willpower (worn)
 P - a +0 troll leather armour (worn)
Jewellery
 e - a +4 ring of slaying (right claw)
 g - a ring of positive energy (left claw)
 l - a +6 ring of intelligence
 n - a ring of fire
 q - a ring of ice
 E - the amulet "Dosmosij" (around neck) {Reflect Dex+2 SH+5}
   (You acquired it on level 8 of the Dungeon)

   [amulet of reflection]

   It reflects blocked missile attacks.
   Dex:       It affects your dexterity (+2).
   SH:        It affects your SH (+5).
 H - a +6 ring of dexterity
 N - a ring of flight
 U - a +4 ring of protection
Wands
 x - a wand of light (7)
 y - a wand of flame (31)
 I - a wand of mindburst (6)
 J - a wand of digging (7)
 L - a wand of paralysis (3)
 W - a wand of iceblast (5)
Scrolls
 d - 4 scrolls of teleportation
 h - 2 scrolls of fear
 k - 3 scrolls of magic mapping
 o - a scroll of torment
 v - 3 scrolls of identify
 C - a scroll of fog
 X - a scroll of immolation
Potions
 a - a potion of berserk rage
 b - 3 potions of ambrosia
 f - 11 potions of curing
 j - a potion of magic
 m - 3 potions of cancellation
 r - 2 potions of flight
 t - 2 potions of invisibility
 w - a potion of mutation
 z - 5 potions of haste
 A - 3 potions of resistance
 B - a potion of lignification
 D - 5 potions of attraction
 G - a potion of might
 R - 2 potions of heal wounds
 T - 2 potions of brilliance


   Skills:
 + Level 9.2 Fighting
 + Level 8.6 Maces & Flails
 + Level 8.6 Throwing
 - Level 2.8 Armour
 + Level 7.4 Dodging
 - Level 2.0 Stealth
 + Level 13.6 Unarmed Combat


You had 12 spell levels left.
You didn't know any spells.
Your spell library contained the following spells:

 Spells                   Type           Power      Damage    Failure   Level
 Apportation              Tloc           0%         N/A       45%         1
 Ensorcelled Hibernation  Hex/Ice        0%         N/A       58%         2
 Dazzling Flash           Conj/Hex       0%         N/A       83%         3
 Spider Form              Tmut/Pois      0%         N/A       83%         3
 Vhi's Electric Charge    Tloc/Air       0%         N/A       83%         3
 Volatile Blastmotes      Fire/Tloc      0%         2d10      83%         3
 Anguish                  Hex/Necr       0%         N/A       99%         4
 Iskenderun's Mystic Bla  Conj/Tloc      0%         2d3       99%         4
 Alistair's Intoxication  Tmut/Pois      0%         N/A       100%        5
 Arcjolt                  Conj/Air       0%         1d10      100%        5
 Conjure Ball Lightning   Conj/Air       0%         3x3d6     100%        6
 Plasma Beam              Fire/Air       0%         2x1d11    100%        6
 Starburst                Conj/Fire      0%         6d3       100%        6
 Summon Lightning Spire   Summ/Air       Unusable   N/A       N/A         4

Dungeon Overview and Level Annotations

Branches:
Dungeon (10/15)            Temple (1/1) D:5            Lair (4/5) D:10
 Shoals (0/4) Lair:2       Spider (0/4) Lair:3          Orc (0/2) D:10
Ossuary (visited)          Bailey (visited)
  Slime: Lair:4-5

Altars:
Ashenzari
Cheibriados
Dithmenos
Elyvilon
Fedhas
Gozag
Hepliaklqana
Kikubaaqudgha
Makhleb
Nemelex Xobeh
Okawaru
Qazlal
Ru
Sif Muna
Trog
Uskayaw
Vehumet
Wu Jian
Xom
Yredelemnul
Zin
The Shining One

Shops:
D:6 [


Innate Abilities, Weirdness & Mutations

You are too large for most types of armour.
You have claws for hands.
Your natural rate of healing is unusually fast.
You are covered in fur. (AC +1)
You have tough skin. (AC +1)


Message History

You feel clever.
You feel magic leave you.
Y - the +8 great mace of Fragile Peace (weapon)
{antimagic, rPois Int+2} You pound the dream sheep like an anvil!!!
You kill the dream sheep!
Okawaru accepts your kill. You block the dream sheep's attack.
The dream sheep closely misses you.
A komodo dragon comes into view.
You barely miss the eight-headed hydra. The bullfrog closely misses you.
The dream sheep misses you. You block the dream sheep's attack.
The eight-headed hydra bites you. x2; The eight-headed hydra bites you!
The eight-headed hydra misses you. The eight-headed hydra bites you!
* * * LOW HITPOINT WARNING * * *
The eight-headed hydra bites you.
* * * LOW HITPOINT WARNING * * *
The eight-headed hydra bites you!
* * * LOW HITPOINT WARNING * * *
The eight-headed hydra bites you!
* * * LOW HITPOINT WARNING * * *
The bullfrog hits you but does no damage.
You block the dream sheep's attack.
The eight-headed hydra bites you but does no damage. x4
The eight-headed hydra bites you!
* * * LOW HITPOINT WARNING * * *
The eight-headed hydra barely misses you.
The eight-headed hydra misses you. x2
The dream sheep bites you but does no damage.
Unknown command.
You hit the eight-headed hydra but do no damage.
The bullfrog misses you.
The bullfrog hits you but does no damage.
The dream sheep bites you but does no damage.
You block the dream sheep's attack.
You block the eight-headed hydra's attack.
The eight-headed hydra barely misses you.
The eight-headed hydra bites you but does no damage.
The eight-headed hydra misses you.
The eight-headed hydra barely misses you. x2
The eight-headed hydra bites you!
You die...

#...#........
#P.#........#.......##
#..<................
##.#P...............##
#..##....... ........#
#..#.........#......#
##..#.##.#...#......#
#.#.###.###.PFD....##.
#.............@.......
#.............YY......
##.............†.......
#......................
##.#.#.###P.......P#...
#.##### ####..l.### ..
###.P### ...... #
#.#..#.##.. #P....#
#..P...... ......#


You could see an eight-headed hydra, a komodo dragon, a bullfrog and 2 dream
sheep.

Vanquished Creatures
  An orc warlord (Bailey)
  A hydra (Lair:2)
  A two-headed ogre (D:9)
  A catoblepas (Lair:3)
  Erica (D:10)
  3 death yaks (D:10)
  Nergalle (D:10)
  A skyshark (Lair:2)
  10 elephants
  7 cane toads
  3 black mambas
  A torpor snail (Lair:4)
  Psyche (D:8)
  A komodo dragon (Lair:2)
  2 rime drakes
  2 trolls
  8 dream sheep
  7 blink frogs
  A wraith (D:9)
  3 wyverns
  23 yaks
  3 basilisks
  A redback (Lair:3)
  6 water moccasins
  Duvessa (D:5)
  A sky beast (D:7)
  4 black bears
  An ice beast (D:7)
  3 orc warriors
  An ogre (D:5)
  8 wolves (Lair:2)
  7 centaurs
  A phantom (D:5)
  A kobold brigand (D:9)
  An elf zombie (Ossuary)
  11 bullfrogs
  6 scorpions
  2 elf skeletons (D:6)
  Dowan (D:5)
  22 killer bees
  2 electric eels (D:8)
  6 howler monkeys
  2 centaur zombies (Ossuary)
  4 hounds
  4 orc priests
  4 human zombies
  3 jellies
  2 gnoll boudas
  9 orc wizards
  A sleepcap (D:6)
  A human skeleton (D:6)
  2 hell rats (D:10)
  2 mummies (Ossuary)
  11 gnolls
  2 river rats (D:10)
  4 adders
  2 white imps (D:6)
  2 ufetubi (D:7)
  An adder zombie (Ossuary)
  27 orcs
  5 endoplasms
  2 giant cockroaches
  12 goblins
  5 hobgoblins
  3 quokkas
  6 ball pythons
  4 bats
  3 frilled lizards
  A goblin zombie (Ossuary)
  12 hobgoblin zombies (Ossuary)
  A jackal zombie (Ossuary)
  26 kobolds
  11 kobold zombies (Ossuary)
  5 orc zombies
  10 rats
  A rat zombie (Ossuary)
  A spectral orc (D:10)
359 creatures vanquished.

Notes
Turn   | Place    | Note
-------+----------+-------------------------------------------
     0 | D:1      | booth the Troll Monk began the quest for the Orb.
     0 | D:1      | Reached XP level 1. HP: 22/22 MP: 0/0
   233 | D:1      | Reached XP level 2. HP: 25/29 MP: 1/1
   625 | D:1      | Reached XP level 3. HP: 36/36 MP: 2/2
   880 | D:1      | Reached skill level 6 in Unarmed Combat
   880 | D:1      | Reached XP level 4. HP: 48/48 MP: 3/3
   907 | D:2      | Found a faded altar of an unknown god.
  2052 | D:3      | Got Sif Muna's Notes on the Sixfirhy
  2248 | D:3      | Noticed a black bear
  2265 | D:3      | Killed a black bear
  2266 | D:3      | Reached XP level 5. HP: 51/55 MP: 4/4
  2687 | D:4      | Reached skill level 7 in Unarmed Combat
  2844 | D:4      | Reached XP level 6. HP: 58/63 MP: 5/5
  3484 | D:5      | Entered Level 5 of the Dungeon
  3540 | D:5      | Found a staircase to the Ecumenical Temple.
  3552 | Temple   | Entered the Ecumenical Temple
  3552 | Temple   | Found a transporter.
  3552 | Temple   | Found a transporter.
  3554 | Temple   | Found a transporter.
  3554 | Temple   | Found a transporter.
  3590 | Temple   | Became a worshipper of Warmaster Okawaru
  3590 | Temple   | Reached * piety under Okawaru
  3590 | Temple   | Reached ** piety under Okawaru
  3692 | D:5      | Reached XP level 7. HP: 67/71 MP: 6/6
  3830 | D:5      | Noticed Dowan
  3836 | D:5      | Noticed Duvessa
  3844 | D:5      | HP: 3/71 [orc warrior/+2 heavy hand axe (20)]
  3848 | D:5      | Reached skill level 5 in Fighting
  3857 | D:5      | Reached skill level 8 in Unarmed Combat
  3862 | D:5      | Killed Duvessa
  3863 | D:5      | Killed Dowan
  4047 | D:5      | Found a hide-covered altar of Uskayaw.
  4057 | D:5      | Reached XP level 8. HP: 57/80 MP: 7/7
  4372 | D:5      | Reached *** piety under Okawaru
  4391 | D:5      | Found a snail-covered altar of Cheibriados.
  4391 | D:5      | Found a faded altar of an unknown god.
  4399 | D:5      | Found a burning altar of Makhleb.
  4402 | D:5      | Found a faded altar of an unknown god.
  4404 | D:5      | Found a shimmering blue altar of Sif Muna.
  4764 | D:6      | Reached skill level 9 in Unarmed Combat
  4901 | D:6      | Found Metigany's Armour Shoppe.
  4910 | D:6      | Bought a +1 hat of willpower for 160 gold pieces
  5025 | D:6      | Found a sand-covered staircase.
  5032 | Ossuary  | Entered an ossuary
  5546 | D:6      | Reached XP level 9. HP: 89/89 MP: 8/8
  5615 | D:6      | Reached **** piety under Okawaru
  5680 | D:6      | Reached skill level 10 in Unarmed Combat
  7212 | D:8      | Noticed Psyche
  7218 | D:8      | Killed Psyche
  7322 | D:8      | Identified 2 scrolls of acquirement
  7322 | D:8      | Acquired a +1 dire flail of draining
  7324 | D:8      | Acquired the amulet "Dosmosij" {Reflect Dex+2 SH+5}
  7376 | D:9      | Reached XP level 10. HP: 100/100 MP: 9/9
  7514 | D:9      | Reached skill level 11 in Unarmed Combat
  7521 | D:9      | Reached ***** piety under Okawaru
  7773 | D:9      | Noticed a two-headed ogre
  7778 | D:9      | Received a gift from Okawaru
  7784 | D:9      | Killed a two-headed ogre
  8334 | D:10     | Entered Level 10 of the Dungeon
  8340 | D:10     | Noticed Nergalle
  8349 | D:10     | Killed Nergalle
  8350 | D:10     | Reached skill level 5 in Dodging
  8486 | D:10     | Noticed a death yak
  8491 | D:10     | Noticed a death yak
  8496 | D:10     | Killed a death yak
  8496 | D:10     | Identified the +5 giant spiked club "Kohal" {holy, Will+
                  | Str+5} (Okawaru gifted it to you on level 10 of the
                  | Dungeon)
  8496 | D:10     | Received a gift from Okawaru
  8505 | D:10     | Killed a death yak
  8506 | D:10     | Reached XP level 11. HP: 60/109 MP: 10/10
  8512 | D:10     | Reached skill level 5 in Throwing
  8518 | D:10     | Reached skill level 5 in Maces & Flails
  8519 | D:10     | Noticed a death yak
  8530 | D:10     | Killed a death yak
  8591 | D:10     | Found a staircase to the Lair.
  8635 | D:10     | Noticed Erica
  8645 | D:10     | Killed Erica
  8710 | D:10     | Received a gift from Okawaru
  8742 | D:10     | Found a staircase to the Orcish Mines.
  8765 | D:10     | Found a basalt altar of Yredelemnul.
  8900 | D:10     | Found a flagged portal.
  8919 | Bailey   | Entered a bailey
  8977 | Bailey   | Noticed an orc warlord
  9059 | Bailey   | Found a runed translucent gate.
  9067 | Bailey   | Found a runed translucent gate.
  9082 | Bailey   | Found a runed translucent gate.
  9194 | Bailey   | Killed an orc warlord
  9194 | Bailey   | Received a gift from Okawaru
  9256 | Bailey   | Identified the +3 falchion of Indomitability {flame, rF+
                  | rN+ Will+}
  9273 | Bailey   | Reached skill level 12 in Unarmed Combat
  9273 | Bailey   | Reached XP level 12. HP: 119/119 MP: 11/11
  9414 | Lair:1   | Entered Level 1 of the Lair of Beasts
  9546 | Lair:1   | Found the +15 Maxwell's patent armour {-Cast -Tele rElec
                  | Will+ rCorr}
  9897 | Lair:1   | Reached skill level 13 in Unarmed Combat
  9962 | Lair:1   | Reached ****** piety under Okawaru
 10624 | Lair:2   | Reached XP level 13. HP: 119/128 MP: 12/12
 10884 | Lair:2   | Found a staircase to the Shoals.
 11315 | Lair:2   | Received a gift from Okawaru
 11558 | Lair:2   | Identified the +8 great mace of Fragile Peace {antimagic,
                  | rPois Int+2} (Okawaru gifted it to you on level 2 of the
                  | Lair of Beasts)
 11558 | Lair:2   | Received a gift from Okawaru
 12071 | Lair:3   | Found a hole to the Spider Nest.
 12776 | Lair:4   | HP: 1/131 [eight-headed hydra (13)]
 12777 | Lair:4   | Slain by an eight-headed hydra

Illustrated notes

Levels and vault maps discovered:
D:1:      kennysheep_arrival_seaside, layout_basic, serial_rivers,
          chequers_serial_rivers_micro_e, chequers_serial_rivers_small_b,
          chequers_serial_rivers_small_b, chequers_serial_rivers_large_b
D:2:      layout_basic, hellmonk_ecumenical_altar_lost_god, minivault_11,
          grunt_ministairs_10, minivault_26
D:3:      layout_loops_ring
D:4:      layout_basic
D:5:      layout_loops_corners, chequers_temple_overflow_minitemple,
          nicolae_uskayaw_dance_hall, temple_hall, columned_hall_lemuel,
          uniq_duvessa
D:6:      layout_rooms, nicolae_ossuary_entry_catacombs, serial_shops, shop
D:7:      layout_basic, dk_vineyard_2
D:8:      statuecave_lemuel, layout_loops_ring, uniq_psyche
D:9:      layout_roguey, minivault_5, hangedman_decor_points
D:10:     layout_rooms, yredelemnul_forgotten_temple_becter, dpeg_lair_monsters,
          enter_bailey_7, minmay_misc_feat_tower, minivault_23,
          minmay_tree_intersection, uniq_erica, uniq_nergalle
Temple:   hellmonk_temple_divided_pantheon
Lair:1:   layout_cave_pods, dreamdust_deal_with_the_devil
Lair:2:   layout_regular_city, minmay_shoals_entry_centaurs
Lair:3:   layout_misc_corridors, spider_nest_entry_webs,
          kennysheep_catoblepas_arena
Lair:4:   gammafunk_indiana_jones, layout_regular_city

Skill      XL: |  1  2  3  4  5  6  7  8  9 10 11 12 13 |
---------------+----------------------------------------+-----
Fighting       | 4 5 6 7 8 9 |  9.2
Maces & Flails | 3 4 7 8 |  8.6
Throwing       | 3 4 7 8 |  8.6
Armour         | 2 |  2.8
Dodging        | 3 4 5 6 7 |  7.4
Stealth        | 2 |  2.0
Unarmed Combat | 6 7 8 9 10 11 12 13 | 13.6

Action                     |  1- 3 |  4- 6 |  7- 9 | 10-12 | 13-15 || total
---------------------------+-------+-------+-------+-------+-------++-------
  Melee: Unarmed           |    52 |    97 |   248 |   260 |   143 ||   800
         Punch             |       |       |       |       |    11 ||    11
         Dire flail        |       |       |       |       |     5 ||     5
         Great mace        |       |       |       |       |     3 ||     3
  Throw: Boomerang         |       |       |    23 |    32 |    38 ||    93
         Large rock        |       |       |       |    12 |     5 ||    17
 Invoke: Heroism           |       |       |     6 |     4 |       ||    10
    Use: Scroll            |     3 |     5 |    10 |     5 |     2 ||    25
         Potion            |     1 |     1 |     5 |     3 |       ||    10
   Stab: Sleeping          |       |       |       |       |     2 ||     2
 Armour: Robe              |     8 |    30 |    36 |    12 |       ||    86
         Troll leather arm |       |       |       |    38 |    42 ||    80
  Dodge: Dodged            |    15 |    34 |    92 |    93 |    72 ||   306
  Block: Orb               |       |       |     1 |    40 |     6 ||    47
         Reflection        |       |       |       |     2 |     5 ||     7
         Other             |       |       |       |       |    33 ||    33
